 Dungeon Crawl Stone Soup version 0.30-a0-585-g93115170b9 (webtiles) character file.

Game seed: 14783455551305345725

117542 sokol815 the Unseen (level 17, -6/108 HPs)
             Began as a Kobold Delver on Dec 31, 2022.
             Was an Initiate of Gozag.
             Mangled by a meliai
             ... wielding a +0 broad axe
              (19 damage)
             ... on level 1 of the Spider Nest on Jan 2, 2023.
             The game lasted 01:30:39 (37212 turns).

sokol815 the Unseen (Kobold Delver)                Turns: 37212, Time: 01:30:39

Health: -6/108     AC: 12    Str:  9    XL:     17   Next: 29%
Magic:  20/20      EV: 23    Int: 19    God:    Gozag
Gold:   1277       SH:  8    Dex: 20    Spells: 20/32 levels left

rFire   + + .      SeeInvis +    a - +7 captain's cutlass {speed, disarm}
rCold   + + .      Faith    .    g - +0 buckler
rNeg    + . .      Spirit   .    n - +1 leather armour "Ymolef" {rF++ rC+}
rPois   +          Reflect  .    x - +2 helmet {SInv}
rElec   +          Harm     .    O - +2 cloak {rPois}
rCorr   .          Rampage  .    o - +0 pair of gloves of Umouw {rPois Regen+ MP-9}
Will    +....                    r - +0 pair of boots
Stlth   +++++++                  h - amulet "Ishet" {Regen+ Int+3}
HPRegen 1.98/turn                V - ring of Genicirick {Fly rElec rN+}
MPRegen 0.17/turn                C - ring of protection from cold {rC+, !d}

@: lethally poisoned (-6 -> -19), flying
A: small, no large weapons, nightstalker 3
a: Renounce Religion, Potion Petition, Call Merchant, Bribe Branch


You were on level 1 of the Spider Nest.
You worshipped Gozag.
Gozag was most pleased with you.
You visited 5 branches of the dungeon, and saw 25 of its levels.
You also visited: Trove.

You collected 8946 gold pieces.
You spent 6287 gold pieces at shops.
You paid 1382 gold pieces to Gozag.

Inventory:

Hand Weapons
 a - the +7 captain's cutlass (weapon) {speed, disarm}
   (You acquired it on level 7 of the Dungeon)

   Attacks with this weapon are significantly faster.
   It may disarm weapon-wielding foes when striking them, dealing extra damage
   in the process.
 W - a +3 dagger of protection
   (You took it off a goblin on level 2 of the Dungeon)
Missiles
 b - 12 curare-tipped darts
 e - 5 throwing nets {!d}
 D - 40 poisoned darts
 F - 4 datura-tipped darts
 K - 26 boomerangs
 Z - 2 boomerangs of dispersal {=f}
Armour
 c - a +1 kite shield
   (You found it on level 13 of the Dungeon)
 g - a +0 buckler (worn)
   (You found it on level 4 of the Dungeon)
 n - the +1 leather armour "Ymolef" (worn) {rF++ rC+}
   (You found it on level 5 of the Lair of Beasts)

   rF:        It greatly protects you from fire.
   rC:        It protects you from cold.
 o - the +0 pair of gloves of Umouw (worn) {rPois Regen+ MP-9}
   (You bought it in a shop on level 4 of the Lair of Beasts)

   rPois:     It protects you from poison.
   MP:        It affects your magic capacity (-9).
   Regen:     It increases your rate of health regeneration.
 r - a +0 pair of boots (worn)
   (You found it on level 4 of the Dungeon)
 x - a +2 helmet of see invisible (worn)
   (You bought it in a shop on level 9 of the Dungeon)
 O - a +2 cloak of poison resistance (worn)
   (You bought it in a shop on level 9 of the Dungeon)
Magical Staves
 m - a staff of conjuration
   (You found it on level 11 of the Dungeon)
Jewellery
 f - the amulet of Xearaf {Reflect rPois rN+ Will+ rCorr SH+5}
   (You found it in a treasure trove)

   [amulet of reflection]

   It reflects blocked missile attacks.
   rPois:     It protects you from poison.
   rN:        It protects you from negative energy.
   rCorr:     It protects you from acid and corrosion.
   SH:        It affects your SH (+5).
   Will:      It increases your willpower.
 h - the amulet "Ishet" (around neck) {Regen+ Int+3}
   (You found it in a treasure trove)

   [amulet of regeneration]

   Int:       It affects your intelligence (+3).
   Regen:     It increases your rate of health regeneration.
 C - a ring of protection from cold (right hand) {rC+, !d}
   (You found it on level 2 of the Lair of Beasts)
 N - a ring of positive energy {rN+}
   (You found it on level 12 of the Dungeon)
 V - the ring of Genicirick (left hand) {Fly rElec rN+}
   (You bought it in a shop on level 2 of the Orcish Mines)

   [ring of positive energy]

   rElec:     It insulates you from electricity.
   rN:        It protects you from negative energy.
   Fly:       It grants you flight.
Wands
 d - a wand of digging (7)
 i - a wand of iceblast (33)
   (You found it on level 7 of the Dungeon)
 j - a wand of polymorph (16)
   (You took it off Ijyb on level 5 of the Dungeon)
 p - a wand of paralysis (23)
   (You found it on level 6 of the Dungeon)
 q - a wand of flame (35)
   (You found it on level 8 of the Dungeon)
Scrolls
 t - 5 scrolls of fog
 u - 6 scrolls of identify {@r1}
 y - a scroll of torment {!r}
 z - 5 scrolls of poison {!r}
 A - a scroll of amnesia
 E - a scroll of fear
 S - 4 scrolls of summoning
 X - 6 scrolls of magic mapping {@r4!r}
 Y - 17 scrolls of teleportation {@r3}
Potions
 k - 6 potions of heal wounds {@q2}
 s - 3 potions of attraction {!q}
 v - 6 potions of might
 B - 5 potions of brilliance
 G - 5 potions of ambrosia {!q}
 H - 13 potions of haste
 I - a potion of invisibility
 J - 18 potions of curing {@q1}
 L - 3 potions of flight
 M - 2 potions of magic
 P - 6 potions of lignification {!q}
 Q - 3 potions of cancellation
 R - 4 potions of resistance
 T - a potion of berserk rage {!q}
 U - 4 potions of mutation {!q}
Miscellaneous
 l - a condenser vane
   (You found it on level 5 of the Lair of Beasts)
 w - a phial of floods
   (You found it on level 5 of the Lair of Beasts)


   Skills:
 + Level 12.7 Fighting
 - Level 14.0 Short Blades
 + Level 13.6 Dodging
 - Level 15.0 Stealth
 + Level 7.7 Shields
 - Level 8.0 Spellcasting
 - Level 10.0 Conjurations
 * Level 2.6 Transmutations
 + Level 14.2 Earth Magic


You had 20 spell levels left.
You knew the following spells:

 Your Spells              Type           Power      Damage    Failure   Level
c - Petrify               Tmut/Erth      39%        N/A       5%          4
x - Stone Arrow           Conj/Erth      100%       3d13      1%          3
z - Lee's Rapid Deconstr  Erth           29%        3d15*     1%          5

Your spell library contained the following spells:

 Spells                   Type           Power      Damage    Failure   Level
 Sandblast                Erth           100%       2d20      1%          1
 Passwall                 Tmut/Erth      32%        N/A       1%          2
 Kiss of Death            Conj/Necr      100%       2d13      2%          1
 Leda's Liquefaction      Hex/Erth       17%        N/A       10%         4
 Apportation              Tloc           14%        N/A       17%         1
 Necrotise                Necr           28%        1d5       17%         1
 Summon Small Mammal      Summ           28%        N/A       17%         1
 Blink                    Tloc           14%        N/A       26%         2
 Sublimation of Blood     Necr           7%         N/A       26%         2
 Irradiate                Conj/Tmut      15%        3d16      34%         5
 Call Canine Familiar     Summ           7%         N/A       45%         3
 Confusing Touch          Hex            7%         N/A       45%         3
 Frozen Ramparts          Ice            14%        1d3       45%         3
 Gell's Gravitas          Tloc           7%         N/A       45%         3
 Portal Projectile        Hex/Tloc       14%        N/A       45%         3
 Summon Guardian Golem    Hex/Summ       7%         N/A       45%         3
 Teleport Other           Tloc           7%         N/A       45%         3
 Lightning Bolt           Conj/Air       13%        1d26      52%         5
 Statue Form              Tmut/Erth      26%        N/A       63%         6
 Ice Form                 Ice/Tmut       12%        N/A       69%         4
 Airstrike                Air            3%         2d(1-17)  86%         4
 Dispel Undead            Necr           7%         3d8       86%         4
 Manifold Assault         Tloc           7%         N/A       86%         4
 Olgreb's Toxic Radiance  Pois           7%         N/A       86%         4
 Summon Ice Beast         Ice/Summ       7%         N/A       86%         4
 Summon Lightning Spire   Summ/Air       7%         N/A       86%         4
 Dispersal                Tloc           3%         N/A       100%        6
 Ozocubu's Refrigeration  Ice            3%         4d8       100%        7
 Storm Form               Tmut/Air       6%         N/A       100%        7
 Ignition                 Fire           3%         3d4       100%        8
 Lehudib's Crystal Spear  Conj/Erth      26%        10d7      100%        8


Dungeon Overview and Level Annotations

Branches:
Dungeon (15/15) Zot: 25074  Temple (0/1) D:5            Lair (5/5) D:9 Zot: 19179
  Swamp (1/4) Lair:2 Zot: 5896  Spider (2/4) Lair:2 Zot: 10342   Slime (0/5) Lair:5
    Orc (2/2) D:11 Zot: 9165     Elf (0/3) Orc:2        Vaults (0/5) D:14
 Depths (0/4) D:15

Altars:
Cheibriados
Elyvilon
Fedhas
Gozag
Hepliaklqana
Kikubaaqudgha
Makhleb
Nemelex Xobeh
Qazlal
Sif Muna
Trog
Uskayaw
The Shining One

Shops:
D:2 !   D:6 [[   D:8 [   D:9 [   D:12 [   Orc:2 :(=(***   Lair:4 [

Annotations:
D:2 1 runed translucent door, Crazy Yiuf
D:9 exclusion: hydra
D:11 2 transporters
D:14 1 runed translucent door, Karianen's ghost, adept KoBr


Innate Abilities, Weirdness & Mutations

You are small and have problems with some larger weapons.
You are completely attuned to the shadows.


Message History

You kill the killer bee!
The killer bee completely misses you. x2
You puncture the killer bee!
You kill the killer bee!
The killer bee misses you.
You barely miss the killer bee. The killer bee closely misses you.
You hit the killer bee. You miss the killer bee.
The killer bee is distracted by your dazzling golden aura.
You miss the killer bee.
The killer bee is no longer distracted by gold.
The killer bee buzzes angrily.
The killer bee completely misses you.
You hit the killer bee. You miss the killer bee.
The killer bee completely misses you.
You puncture the killer bee!
You kill the killer bee!
No target in view!
No target in view!
You now have 1262 gold pieces (gained 5).
Health restored: 108 You now have 1270 gold pieces (gained 8).
You now have 1277 gold pieces (gained 7).
There is a stone staircase leading down here.
You start waiting.
Done waiting.
You fly downwards.
The meliai buzzes angrily.
The killer bee buzzes angrily.
You hear an angry buzzing noise.
The killer bee closely misses you. You block the killer bee's attack.
The jumping spider leaps!
You block the redback's attack.
An entropy weaver comes into view.
You block the killer bee's attack.
The meliai calls down the wrath of its god upon you.
Something smites you! The killer bee completely misses you.
The jumping spider pounces on you!
The jumping spider bites you but does no damage.
The redback closely misses you.
The queen bee calls on the meliai to defend it!
The meliai goes berserk!
The queen bee calls on the killer bee to defend it!
The killer bee goes berserk!
The meliai calls upon its god to heal something.
The killer bee closely misses you. You block the killer bee's attack.
The meliai closely misses you. The meliai misses you.
The killer bee misses you.
There is a stone staircase leading up, spattered with blood here.
You take 21 damage, and have 87/108 hp.
The meliai completely misses you. You block the meliai's attack.
You block the killer bee's attack. The jumping spider misses you.
The jumping spider completely misses you.
The redback closely misses you. The killer bee closely misses you. x2
The meliai completely misses you. You block the meliai's attack.
The killer bee closely misses you.
The jumping spider closely misses you. x2
The redback closely misses you. The killer bee completely misses you.
The meliai hits you with a +0 broad axe!
The meliai completely misses you. The killer bee completely misses you.
You fly upwards.
There is a stone staircase leading down here.
You take 5 damage, and have 82/108 hp.
You puncture the jumping spider! You puncture the jumping spider!
The meliai misses you. The meliai stings you.
You block the killer bee's attack. The redback misses you.
You block the jumping spider's attack.
The jumping spider completely misses you.
You hit the jumping spider. You block the meliai's attack.
The meliai barely misses you.
The meliai hits you with a +0 broad axe!
The meliai completely misses you. You block the killer bee's attack.
You take 16 damage, and have 67/108 hp.
You barely miss the jumping spider. The redback bites you!
You are poisoned.
The redback poisons you! The jumping spider pounces on you!
You are caught in a web!
The jumping spider bites you.
You take 22 damage, and have 45/108 hp.
MASSIVE DAMAGE!!
You feel extremely sick.
The meliai hits you with a +0 broad axe!
* * * LOW HITPOINT WARNING * * *
You block the meliai's attack. The meliai barely misses you. x2
The killer bee completely misses you. You block the meliai's attack.
The meliai closely misses you. You block the redback's attack.
The killer bee misses you.
The jumping spider completely misses you.
The jumping spider barely misses you.
You take 26 damage, and have 19/108 hp.
MASSIVE DAMAGE!!
Unknown command.
As you read the scroll of fear, it crumbles to dust.
You assume a fearsome visage.
The killer bee looks frightened!
The redback looks frightened!
The meliai is unaffected.
The jumping spider looks frightened!
* * * LOW HITPOINT WARNING * * *
You feel extremely sick. The meliai barely misses you.
You block the meliai's attack.
The meliai hits you with a +0 broad axe!!
You die...
Your body crumbles into a pile of gold.

......#..##.........#
......##.##.........#
...>...###..........#
....................#
....................#
..........#.).....#.#
..^..##...#.......###
...=.#....#....s....#
.....##...#^...s@y.##
.....#....##.....y..#
#####################


You could see a jumping spider (fleeing), a redback (fleeing), a meliai
(berserk) and a killer bee (fleeing).

Vanquished Creatures
  Jorgrun (D:12)
  Rupert (D:12)
  Kirke (D:12)
  Roxanne (D:14)
  A ghost moth (Spider:1)
  An orc warlord (Orc:1)
  A bunyip (Lair:2)
  4 entropy weavers
  14 hydras
  Erolcha (D:9)
  An ogre mage (D:15)
  A catoblepas (Lair:5)
  5 two-headed ogres
  10 centaur warriors
  15 death yaks
  4 boulder beetles
  A deep troll shaman (Lair:5)
  An alligator (Lair:2)
  3 tengu warriors
  Sonja (Lair:2)
  8 skeletal warriors
  A pharaoh ant (Spider:1)
  A deep elf archer (D:14)
  A necromancer (D:15)
  3 orc knights (Orc:2)
  A wolf spider zombie (D:15)
  2 wizards (D:15)
  8 deep elf pyromancers
  8 ugly things
  4 wolf spiders
  6 manticores
  7 cyclopes
  An orc sorcerer (Orc:2)
  2 will-o-the-wisps
  A moth of wrath (Spider:1)
  10 elephants
  5 black mambas
  5 centaur skeletons
  2 torpor snails
  3 gargoyles
  Psyche (D:12)
  13 cane toads
  2 demonic crawlers (Spider:1)
  2 rime drakes (Lair:5)
  A tengu conjurer (D:15)
  10 komodo dragons
  3 yaktaurs (D:12)
  A wind drake (shapeshifter) (D:14)
  3 trolls
  5 tarantellas
  5 polar bears
  14 slime creatures
  A bloated husk (Swamp:1)
  A hornet (D:10)
  14 blink frogs
  Sigmund (D:2)
  2 jumping spiders
  9 culicivoras
  A centaur simulacrum (D:10)
  A wyvern (D:8)
  A shadow (D:11)
  A vampire (D:12)
  35 yaks
  A wraith (D:9)
  6 basilisks
  A steam dragon (D:10)
  5 hogs (D:12)
  11 vampire mosquitoes
  Grum (D:8)
  2 wargs
  10 redbacks
  3 swamp worms (D:11)
  An acid dragon (D:10)
  23 water moccasins
  33 orc warriors
  An ice beast (D:7)
  2 black bears
  A hornet zombie (D:15)
  8 ogres
  28 wolves
  A boggart (D:14)
  13 centaurs
  2 phantoms
  8 kobold brigands
  13 bullfrogs
  A necrophage (D:5)
  A gnoll sergeant (D:5)
  3 scorpions
  4 wights (D:10)
  8 killer bees
  10 electric eels (Lair:2)
  11 howler monkeys
  11 hounds
  13 orc priests
  A jelly (D:8)
  3 gnoll boudas
  Ijyb (D:5)
  5 iguanas
  23 orc wizards
  Terence (D:3)
  4 hell rats (Lair:5)
  10 adders
  41 gnolls
  A shadow imp (D:7)
  A white imp (D:7)
  An ufetubus (D:6)
  4 worms
  4 dart slugs
  73 orcs
  6 endoplasms
  A giant cockroach (D:1)
  7 goblins
  5 hobgoblins
  12 jackals
  32 kobolds
  4 quokkas
  13 ball pythons
  8 bats
  2 frilled lizards
  3 rats
776 creatures vanquished.

Vanquished Creatures (others)
  A bloated husk (Swamp:1)
  A human (D:12)
  A quokka (D:14)
  2 foxfires (Swamp:1)
  34 fungi
  98 plants
137 creatures vanquished.

Grand Total: 913 creatures vanquished

Notes
Turn   | Place    | Note
-------+----------+-------------------------------------------
     0 | D:5      | sokol815 the Kobold Delver began the quest for the Orb.
     0 | D:5      | Reached XP level 1. HP: 14/14 MP: 1/1
    15 | D:5      | Noticed a necrophage
   161 | D:5      | Found a snail-covered altar of Cheibriados.
   177 | D:5      | Killed a necrophage
   178 | D:5      | Reached skill level 5 in Short Blades
   178 | D:5      | Reached XP level 2. HP: 10/19 MP: 2/2
   178 | D:5      | Reached XP level 3. HP: 13/23 MP: 3/3
   178 | D:5      | Reached XP level 4. HP: 15/28 MP: 4/4
   273 | D:3      | Noticed Terence
   281 | D:3      | Found an opulent altar of Gozag.
   306 | D:3      | Killed Terence
   307 | D:3      | Reached skill level 6 in Short Blades
   541 | D:3      | Reached XP level 5. HP: 30/32 MP: 5/5
   670 | D:3      | Became a worshipper of Gozag Ym Sagoz the Greedy
   687 | D:3      | Found a stormy altar of Qazlal.
   789 | D:2      | Noticed Sigmund
   793 | D:2      | Killed Sigmund
   794 | D:2      | Reached skill level 8 in Short Blades
   794 | D:2      | Reached XP level 6. HP: 37/37 MP: 6/6
  2238 | D:2      | Found Wihiesor's Distillery.
  2389 | D:2      | Found a shimmering blue altar of Sif Muna.
  2397 | D:2      | Reached skill level 9 in Short Blades
  2571 | D:2      | Learned a level 3 spell: Stone Arrow
  2669 | D:2      | Reached XP level 7. HP: 41/41 MP: 7/7
  2938 | D:2      | Found a runed translucent door.
  2941 | D:2      | Noticed Crazy Yiuf
  3103 | D:3      | Found a sparkling altar of Nemelex Xobeh.
  3114 | D:3      | Found a white marble altar of Elyvilon.
  3434 | D:3      | Reached skill level 1 in Spellcasting
  3434 | D:3      | Reached skill level 1 in Conjurations
  3434 | D:3      | Reached skill level 1 in Earth Magic
  3441 | D:3      | HP: 9/41 [orc/+0 flail (3)]
  3927 | D:4      | Identified the +1 pair of gloves of the Lich-sworn {rElec
                  | Int-3 Dex+3}
  4173 | D:4      | Found a glowing golden altar of the Shining One.
  4255 | D:5      | Found a staircase to the Ecumenical Temple.
  4409 | D:5      | Reached skill level 1 in Shields
  4445 | D:5      | Reached XP level 8. HP: 39/46 MP: 10/10
  4671 | D:5      | Reached skill level 2 in Conjurations
  4729 | D:5      | Reached skill level 2 in Spellcasting
  4729 | D:5      | Reached skill level 2 in Earth Magic
  4787 | D:5      | Noticed Ijyb
  4803 | D:5      | Killed Ijyb
  4804 | D:5      | Reached skill level 2 in Shields
  4981 | D:5      | HP: 9/46 [orc/+1 whip of distortion (15)]
  4990 | D:5      | HP: 8/46 [orc/+0 dagger (4)]
  5541 | D:5      | Reached skill level 3 in Shields
  5677 | D:5      | Reached skill level 10 in Short Blades
  5698 | D:5      | Reached skill level 3 in Conjurations
  5716 | D:5      | Reached skill level 3 in Spellcasting
  5716 | D:5      | Reached skill level 3 in Earth Magic
  5820 | D:5      | Reached XP level 9. HP: 51/51 MP: 13/13
  5887 | D:5      | HP: 11/51 [gnoll/+0 halberd (7)]
  6379 | D:5      | HP: 12/51 [poisoned by a kobold brigand]
  6384 | D:5      | Reached skill level 4 in Shields
  6563 | D:5      | Reached skill level 4 in Conjurations
  6708 | D:6      | Reached skill level 4 in Earth Magic
  7072 | D:6      | Reached skill level 3 in Dodging
  7072 | D:6      | Reached skill level 7 in Stealth
  7170 | D:6      | Reached skill level 4 in Fighting
  7403 | D:6      | Found Lemi's Armour Shoppe.
  7415 | D:6      | Found Riampi's Book Shop.
  7417 | D:6      | Found Kuqypp's Antique Armour Shoppe.
  7422 | D:6      | Bought a runed cloak for 210 gold pieces
  7624 | D:6      | Reached skill level 4 in Dodging
  8128 | D:6      | Bought a distressingly furry ring mail for 252 gold pieces
  8128 | D:6      | Identified the +4 ring mail "Pexa Taq" {rElec Int-2 Dex+7}
                  | (You bought it in a shop on level 6 of the Dungeon)
  8244 | D:7      | Reached skill level 5 in Conjurations
  8244 | D:7      | Reached XP level 10. HP: 58/58 MP: 14/14
  8249 | D:7      | Reached skill level 5 in Earth Magic
  8267 | D:7      | Reached skill level 8 in Stealth
  8329 | D:7      | Identified a scroll of acquirement
  8329 | D:7      | Acquired the +7 captain's cutlass {speed, disarm}
  8329 | D:7      | Found the +7 captain's cutlass {speed, disarm}
  8756 | D:7      | Reached skill level 5 in Fighting
  8872 | D:7      | Found a hazy altar of Hepliaklqana.
  8944 | D:7      | Found an ancient bone altar of Kikubaaqudgha.
  8958 | D:7      | Found a burning altar of Makhleb.
  9133 | D:8      | Noticed Grum
  9138 | D:8      | Killed Grum
  9144 | D:8      | Reached skill level 5 in Dodging
  9211 | D:8      | Found Woipniatoa's Armour Shop.
  9246 | D:8      | Noticed a two-headed ogre
  9252 | D:8      | Killed a two-headed ogre
  9253 | D:8      | Reached skill level 11 in Short Blades
  9253 | D:8      | Reached skill level 9 in Stealth
  9573 | D:8      | Found Wiyl Weci's Antique Weapon Shoppe.
  9825 | D:8      | Found a hide-covered altar of Uskayaw.
 10178 | D:9      | Noticed a cyclops
 10178 | D:9      | Noticed a six-headed hydra
 10178 | D:9      | Noticed a catoblepas
 10181 | D:9      | Noticed a manticore
 10182 | D:9      | Noticed a boulder beetle
 10244 | D:8      | Reached skill level 6 in Fighting
 10373 | D:9      | Reached skill level 6 in Dodging
 10391 | D:9      | Reached skill level 12 in Short Blades
 10402 | D:9      | Reached XP level 11. HP: 22/64 MP: 15/15
 10553 | D:9      | Noticed Erolcha
 10566 | D:9      | Killed Erolcha
 10567 | D:9      | Reached skill level 13 in Short Blades
 10567 | D:9      | Reached skill level 10 in Stealth
 10606 | D:9      | Found a staircase to the Lair.
 10731 | D:9      | Paralysed by a centaur for 3 turns
 11489 | D:9      | Bought an embroidered cloak for 187 gold pieces
 11524 | D:10     | Entered Level 10 of the Dungeon
 11549 | D:10     | Reached skill level 14 in Short Blades
 11594 | D:10     | Found a blossoming altar of Fedhas.
 11822 | D:10     | Noticed a deep elf pyromancer
 11832 | D:10     | Killed a deep elf pyromancer
 11833 | D:10     | Reached skill level 7 in Dodging
 11913 | D:10     | Reached skill level 6 in Conjurations
 11913 | D:10     | Reached skill level 6 in Earth Magic
 12093 | D:10     | Found a bloodstained altar of Trog.
 12410 | D:10     | Found a shimmering blue altar of Sif Muna.
 12752 | D:11     | Noticed a green ugly thing
 12756 | D:11     | Killed a green ugly thing
 12757 | D:11     | Reached skill level 8 in Dodging
 12757 | D:11     | Reached XP level 12. HP: 70/70 MP: 16/16
 12889 | Lair:1   | Entered Level 1 of the Lair of Beasts
 12924 | Lair:1   | Reached skill level 7 in Conjurations
 12924 | Lair:1   | Reached skill level 7 in Earth Magic
 13257 | Lair:1   | Reached skill level 9 in Dodging
 14124 | Lair:1   | Reached skill level 8 in Conjurations
 14304 | Lair:2   | Reached skill level 8 in Earth Magic
 14736 | Lair:2   | Found a hole to the Spider Nest.
 14747 | Lair:2   | Noticed Sonja
 14755 | Lair:2   | Killed Sonja
 14914 | Lair:2   | Noticed a four-headed hydra
 14927 | Lair:2   | HP: 17/70 [four-headed hydra (5)]
 14934 | Lair:2   | Killed a four-headed hydra
 14935 | Lair:2   | Reached skill level 10 in Dodging
 15128 | Lair:2   | Found a staircase to the Swamp.
 15176 | Lair:2   | Reached skill level 4 in Spellcasting
 15492 | Lair:2   | Reached XP level 13. HP: 74/74 MP: 9/19
 15564 | Lair:2   | Noticed a four-headed hydra
 15570 | Lair:2   | Killed a four-headed hydra
 15571 | Lair:2   | Reached skill level 9 in Conjurations
 15571 | Lair:2   | Reached skill level 9 in Earth Magic
 15731 | Lair:2   | Reached skill level 5 in Spellcasting
 16428 | Lair:2   | Noticed a five-headed hydra
 16437 | Lair:2   | Killed a five-headed hydra
 16952 | Lair:3   | Reached skill level 10 in Conjurations
 17038 | Lair:3   | Reached skill level 10 in Earth Magic
 17290 | Lair:3   | Reached skill level 6 in Spellcasting
 17816 | Lair:3   | Reached skill level 7 in Spellcasting
 18300 | Lair:4   | Reached skill level 8 in Spellcasting
 18310 | Lair:4   | HP: 17/74 [death yak (12)]
 19425 | Lair:4   | Reached XP level 14. HP: 80/80 MP: 18/26
 19442 | Lair:4   | Reached skill level 7 in Fighting
 19442 | Lair:4   | Reached skill level 11 in Stealth
 19514 | Lair:4   | Reached skill level 11 in Dodging
 20117 | Lair:5   | Entered Level 5 of the Lair of Beasts
 20189 | Lair:4   | Upgraded the game from 0.30-a0-576-g89cddaab80 to
                  | 0.30-a0-578-gdee14c521f
 20268 | Lair:4   | Bought a pair of bloodstained gloves for 380 gold pieces
 20268 | Lair:4   | Identified the +0 pair of gloves of Umouw {rPois Regen+
                  | MP-9} (You bought it in a shop on level 4 of the Lair of
                  | Beasts)
 20707 | Lair:5   | Reached skill level 8 in Fighting
 20707 | Lair:5   | Reached skill level 12 in Stealth
 21092 | Lair:5   | Learned a level 4 spell: Petrify
 21414 | Lair:5   | Reached skill level 12 in Dodging
 21650 | Lair:5   | Reached skill level 9 in Fighting
 21660 | Lair:5   | Reached skill level 13 in Stealth
 21809 | Lair:5   | Identified the +1 leather armour "Ymolef" {rF++ rC+}
 22388 | Lair:5   | Found a staircase to the Slime Pits.
 22935 | Lair:5   | Reached XP level 15. HP: 50/92 MP: 7/27
 23015 | Lair:5   | Reached skill level 5 in Shields
 23316 | D:11     | Reached skill level 14 in Stealth
 23385 | D:11     | Found a transporter.
 23471 | D:11     | Reached skill level 10 in Fighting
 23940 | D:11     | Found a staircase to the Orcish Mines.
 23959 | D:11     | Found a transporter.
 24198 | D:11     | HP: 21/92 [swamp worm (16)]
 24331 | Orc:1    | Entered Level 1 of the Orcish Mines
 24331 | Orc:1    | Noticed an orc warlord
 24332 | Orc:1    | Killed an orc warlord
 25214 | Orc:2    | Entered Level 2 of the Orcish Mines
 25502 | Orc:2    | Found Wemuplua's Antique Weapon Boutique.
 25716 | Orc:2    | Reached skill level 6 in Shields
 26440 | Orc:2    | Found Nosam's Jewellery Shoppe.
 26445 | Orc:2    | Bought the ring of Genicirick {Fly rElec rN+} for 541 gold
                  | pieces
 26553 | Orc:2    | Reached skill level 15 in Stealth
 26687 | Orc:2    | Reached skill level 11 in Fighting
 26900 | Orc:2    | Found Zuvvotee's Assorted Antiques.
 26900 | Orc:2    | Found Qoygaleo's General Store.
 26900 | Orc:2    | Found Lugun's Antique Weapon Shoppe.
 26901 | Orc:2    | Found Fiownaol's General Store.
 26990 | Orc:2    | Found a staircase to the Elven Halls.
 27174 | Orc:2    | Found Xeupsiat's Book Boutique.
 27180 | Orc:2    | Bought a book of the Earth for 468 gold pieces
 27186 | Orc:2    | Learned a level 5 spell: Lee's Rapid Deconstruction
 27461 | D:12     | Noticed Rupert
 27679 | D:12     | HP: 3/95 [Rupert/+1 heavy great mace (24)]
 27720 | D:12     | Killed Rupert
 27743 | D:12     | Noticed Jorgrun
 27748 | D:12     | Killed Jorgrun
 27802 | D:12     | Reached skill level 11 in Earth Magic
 27923 | D:12     | Noticed Psyche
 27933 | D:12     | Noticed Kirke
 27935 | D:12     | Killed Psyche
 28362 | D:12     | Found Kattu's Antique Armour Shop.
 28455 | D:12     | Found a portal to a secret trove of treasure.
 28533 | D:12     | Killed Kirke
 28866 | D:13     | Reached skill level 12 in Fighting
 29033 | D:13     | Reached XP level 16. HP: 101/101 MP: 19/28
 29060 | D:13     | Reached skill level 12 in Earth Magic
 30408 | D:14     | Found a white marble altar of Elyvilon.
 30487 | D:14     | Identified Roxanne's Tome of Excavation
 30487 | D:14     | Noticed Roxanne
 30723 | D:14     | Killed Roxanne
 31391 | D:14     | Found a runed translucent door.
 31736 | D:14     | Reached skill level 13 in Earth Magic
 31736 | D:14     | Found a gate to the Vaults.
 31989 | D:14     | Noticed Karianen's ghost (adept KoBr)
 31990 | D:14     | Identified the +7 trident of Skirmishing {chaos, rElec
                  | Dex+2 Stlth+}
 32037 | D:15     | Entered Level 15 of the Dungeon
 32283 | D:15     | Reached skill level 7 in Shields
 32391 | D:15     | Found a staircase to the Depths.
 32397 | D:15     | Reached skill level 13 in Dodging
 32673 | D:15     | Paralysed by something for 3 turns
 33293 | Swamp:1  | Entered Level 1 of the Swamp
 33410 | Swamp:1  | HP: 16/102 [spore (39)]
 33489 | Lair:2   | HP: 21/102 [eight-headed hydra (8)]
 33959 | Spider:1 | Entered Level 1 of the Spider Nest
 34005 | Lair:2   | HP: 24/103 [wolf spider (10)]
 34008 | Lair:2   | Reached skill level 14 in Earth Magic
 34011 | Lair:2   | Reached XP level 17. HP: 31/108 MP: 7/29
 34218 | Lair:4   | Bought a bloodstained robe for 228 gold pieces
 34218 | Lair:4   | Identified the +1 robe of True Grit {Str+4 Int+2 Dex-4
                  | Archmagi} (You bought it in a shop on level 4 of the Lair
                  | of Beasts)
 34323 | D:9      | Bought a heavily runed leather armour for 175 gold pieces
 34323 | D:9      | Identified the +1 leather armour of Ucviky {Regen+ Int+2
                  | Dex+5} (You bought it in a shop on level 9 of the Dungeon)
 34323 | D:9      | Bought a shiny helmet for 187 gold pieces
 34395 | D:12     | Bought a shimmering robe for 165 gold pieces
 34395 | D:12     | Identified the +2 robe of Sunlight {Rampage Str+4} (You
                  | bought it in a shop on level 12 of the Dungeon)
 34516 | D:6      | Bought the +9 scales of the Dragon King {rPois rF+ rC+
                  | Will+} for 3494 gold pieces
 34516 | D:6      | Found the +9 scales of the Dragon King {rPois rF+ rC+
                  | Will+}
 34700 | D:12     | You paid a toll of the scales of the Dragon King to enter a
                  | treasure trove
 34701 | Trove    | Entered a treasure trove
 34738 | Trove    | Identified the amulet "Lagu Boy" {Reflect Str+4 SH+5}
 34740 | Trove    | Identified the amulet "Ishet" {Regen+ Int+3}
 34742 | Trove    | Identified the amulet of Xearaf {Reflect rPois rN+ Will+
                  | rCorr SH+5}
 34763 | Trove    | Identified the +8 trident of Wisdom {heavy, Int+5}
 35390 | D:12     | Upgraded the game from 0.30-a0-578-gdee14c521f to
                  | 0.30-a0-585-g93115170b9
 35876 | Spider:1 | Reached skill level 1 in Transmutations
 36322 | Spider:1 | Reached skill level 2 in Transmutations
 37211 | Spider:1 | HP: 19/108 [meliai/+0 broad axe (17)]
 37212 | Spider:1 | Mangled by a meliai

Illustrated notes

Levels and vault maps discovered:
D:1:      heliophobic_arrival_dark_side_of_the_moon, layout_basic,
          dk_noncrumbling_4, nicolae_concentric_dashed_squares_wild
D:2:      layout_loops_ring, serial_shops, nicolae_shop_advertising_works
          [nicolae_subvault_shop_adworks], basic_altar, st_stairs_13,
          uniq_sigmund, uniq_crazy_yiuf_cottage
D:3:      layout_basic, overflow_temple_1_default, grunt_gozag_breadcrumbs,
          mainiacjoe_overflow_large_starburst, st_stairs_12, uniq_terence
D:4:      layout_rooms, tso_altar
D:5:      lemuel_castle_with_subvaults [lemuel_castle_interior_carwin_3],
          layout_loops_corners, chei_slow_surprise,
          minmay_temple_entry_stoned_glass, nrook_mini_vaults,
          dreamdust_gnoll_farm, uniq_ijyb
D:6:      layout_gridville, nicolae_wooded_promenade, minmay_holes
D:7:      layout_cave_pools, nzn_hepliaklqana_mist_gate,
          mainiacjoe_overflow_big_doors
D:8:      layout_basic, overflow_temple_1_default, serial_shops,
          nicolae_diamond_shop, nicolae_diamond_shop, kennysheep_generic_room_9,
          uniq_grum
D:9:      layout_small_grid, lair_entry_dummy, onia_ninara_dug_in_and_dangerous,
          uniq_erolcha
D:10:     minmay_blocky_corners, layout_loops_cross, bloody_trog,
          lemuel_doored_altar, kennysheep_orc_sif_temple
D:11:     gammafunk_sealed_arena, layout_small_grid, orc_0_dummy, worms_lemuel
D:12:     layout_cave_pools, nicolae_trove_entry_crystal, serial_shops,
          nicolae_shop_hallway_plus, uniq_psyche, uniq_jorgrun, uniq_kirke,
          uniq_rupert
D:13:     layout_gridville
D:14:     layout_stronghold, hangedman_vaults_entry_quadrant_bands,
          minmay_fountain_box, ebering_ghost_funeral_grove,
          nicolae_kite_square_tiling_tiny, elyvilon_altar_4, uniq_roxanne
D:15:     grunt_enter_depths_magical_seal, layout_long_grid, nicolae_sextant
Lair:1:   layout_loops_ring
Lair:2:   layout_small_grid, minmay_swamp_entry_reptiles,
          spider_nest_entry_web_field, serial_bayou, serial_bayou_shore_b,
          serial_bayou_lake_a, serial_bayou_lagoon_a, serial_bayou_shore_a,
          serial_bayou_pond_e, serial_bayou_crossing, pdpol_lair_cavern_descent,
          uniq_sonja
Lair:3:   layout_concentric_octagons, beast_lair_carwin_4, grunt_megastairs_2
Lair:4:   layout_regular_city, grunt_megastairs_5
Lair:5:   grunt_lair_end_beastmaster, layout_cave_pods,
          dpeg_slime_entry_enclosed, minmay_shattered_shrine
Swamp:1:  layout_basic_swamp, nicolae_swamp_tree_isthmus,
          infiniplex_staircase_pool, uniq_frances
Spider:1: layout_spider_delve
Spider:2: layout_spider_delve, special_room [special_room_bee],
          nicolae_spider_cling_halls, uniq_louise, uniq_arachne
Orc:1:    layout_caves
Orc:2:    st_orc_rangers, layout_diamond_mine, serial_shops,
          nicolae_shop_overgrown_old_shop, nicolae_shop_crystal,
          nicolae_shop_waterfront

Skill      XL: |  1  2  3  4  5  6  7  8  9 10 11 12 13 14 15 16 17 |
---------------+----------------------------------------------------+-----
Short Blades   | 5 6 8 9 10 12 14 | 14.0
Spellcasting   | 1 3 4 8 |  8.0
Conjurations   | 1 3 5 6 8 10 | 10.0
Earth Magic    | 1 3 4 5 6 8 10 11 14 | 14.2
Shields        | 1 3 4 6 7 |  7.7
Dodging        | 4 6 8 10 12 13 | 13.6
Stealth        | 7 9 10 13 15 | 15.0
Fighting       | 4 6 9 12 | 12.7
Transmutations | 2 |  2.6

Action                   |  1- 3 |  4- 6 |  7- 9 | 10-12 | 13-15 | 16-18 || total
-------------------------+-------+-------+-------+-------+-------+-------++-------
Melee: Short sword       |    14 |    57 |       |       |       |       ||    71
       Punch             |     1 |     2 |     3 |       |       |       ||     6
       Dagger            |       |    62 |   538 |    23 |       |       ||   623
       Cutlass           |       |       |       |   592 |  1441 |   852 ||  2885
Throw: Stone             |       |     2 |       |       |       |       ||     2
 Cast: Stone Arrow       |       |       |       |    45 |   250 |   132 ||   427
       Lee's Rapid Decon |       |       |       |       |       |    12 ||    12
       Petrify           |       |       |       |       |       |     3 ||     3
Invok: Call Merchant     |       |       |       |     1 |     1 |       ||     2
Evoke: Wand              |       |       |     4 |     6 |     6 |     2 ||    18
  Use: Potion            |     1 |       |     2 |       |     3 |       ||     6
       Scroll            |       |    11 |     7 |     7 |     5 |     6 ||    36
 Stab: Sleeping          |       |    31 |    33 |    16 |    11 |    31 ||   122
       Distracted        |       |     1 |     8 |     6 |    10 |     4 ||    29
       Held in net/web   |       |       |       |     1 |       |       ||     1
Armor: Leather armour    |     1 |     7 |       |       |    43 |    88 ||   139
       Robe              |       |     7 |    66 |    61 |    45 |       ||   179
Dodge: Dodged            |     5 |    55 |   232 |   199 |   514 |   463 ||  1468
Block: Buckler           |       |       |   111 |    89 |   210 |   201 ||   611
       Kite shield       |       |       |       |       |       |    14 ||    14

Table legend: (Time is in decaauts)
 A = Elapsed time spent in this place.
 B = Non-inter-level travel time spent in this place.
 C = Inter-level travel time spent in this place.
 D = Time resting spent in this place.
 E = Time spent auto-exploring this place.
 F = Levels seen in this place.
 G = Mean time per level.
                   A        B        C        D        E       F      G
               +--------+--------+--------+--------+--------+-----+--------+
         Total |  35272 |  33067 |   2205 |   4658 |  23302 |  26 | 1356.6 |
       Dungeon |  19745 |  18354 |   1391 |   2271 |  13079 |  15 | 1316.3 |
          Lair |  10820 |  10076 |    744 |   1941 |   6797 |   5 | 2164.0 |
         Swamp |    103 |    100 |      3 |      0 |     46 |   1 |  103.0 |
   Spider Nest |   1656 |   1626 |     30 |    284 |    970 |   2 |  828.0 |
  Orcish Mines |   2834 |   2799 |     35 |    161 |   2325 |   2 | 1417.0 |
         Trove |    112 |    112 |      0 |      0 |     84 |   1 |  112.0 |
               +--------+--------+--------+--------+--------+-----+--------+

Top non-repeatable levels by time:
  Lair:2: 3344 daAuts
  Lair:5: 2739 daAuts
    D:14: 2312 daAuts
     D:5: 2253 daAuts
   Orc:2: 1994 daAuts
  Lair:4: 1889 daAuts
Spider:1: 1650 daAuts
     D:9: 1517 daAuts
  Lair:3: 1462 daAuts
     D:6: 1426 daAuts
    D:11: 1390 daAuts
  Lair:1: 1383 daAuts
    D:12: 1356 daAuts
     D:1: 1327 daAuts
    D:10: 1272 daAuts

Table legend:
 A = Kills in this place as a percentage of kills in entire the game.
 B = Kills by you in this place as a percentage of kills by you in the entire game.
 C = Kills by friends in this place as a percentage of kills by friends in the entire game.
 D = Other kills in this place as a percentage of other kills in the entire game.
 E = Experience gained in this place as a percentage of experience gained in the entire game.
 F = Experience gained in this place divided by the number of levels of this place that you have seen.
                   A       B       C       D       E      F
               +-------+-------+-------+-------+-------+----------------------
         Total | 100.0 | 100.0 |   N/A |   N/A | 100.0 | 6458.4
       Dungeon |  58.6 |  58.6 |   N/A |   N/A |  46.3 | 5177.5
          Lair |  24.9 |  24.9 |   N/A |   N/A |  37.9 | 12738.2
         Swamp |   0.4 |   0.4 |   N/A |   N/A |   1.0 | 1640.0
   Spider Nest |   5.3 |   5.3 |   N/A |   N/A |   7.8 | 6559.0
  Orcish Mines |  10.8 |  10.8 |   N/A |   N/A |   7.0 | 5903.0
               +-------+-------+-------+-------+-------+----------------------
